 Dungeon Crawl Stone Soup version 0.13-a0-2537-g1f6edf4 (webtiles) character file.

113 Rycklaryybbe the Changer (level 3, 0/28 HPs)
             Began as a Demigod Transmuter on July 27, 2013.
             Slain by a jackal (1 damage)
             ... on Level 2 of the Dungeon.
             The game lasted 00:02:37 (1069 turns).

Rycklaryybbe the Changer (Demigod Transmuter)       Turns: 1069, Time: 00:02:37

HP   0/28        AC  2     Str 13      XL: 3   Next:  2%
MP   6/7         EV 18     Int 18      God:
Gold 78          SH  0     Dex 22      Spells:  1 memorised,  4 levels left

Res.Fire  : + . .   See Invis. : .   e - +2,+1 short sword
Res.Cold  : + . .   Warding    : .   c - +0 robe
Life Prot.: . . .   Conserve   : .   (no shield)
Res.Poison: +       Res.Corr.  : .   (helmet restricted)
Res.Elec. : +       Clarity    : .   (no cloak)
Sust.Abil.: . .     Spirit.Shd : .   (no gloves)
Res.Mut.  : .       Stasis     : .   (no boots)
Res.Rott. : .       Flight     : .   (no amulet)
Saprovore : . . .                    (no ring)
                                     (no ring)

@: appendage, agile, very slightly contaminated, slowed, very slow, slightly
resistant to hostile enchantments, stealthy
A: horns 2
a: End Transformation


You were on level 2 of the Dungeon.
You were not hungry.
You had grown temporary horns.
You visited 1 branch of the dungeon, and saw 2 of its levels.

You collected 58 gold pieces.

Inventory:

Hand weapons
 e - a +2,+1 short sword (weapon)
Missiles
 b - 12 arrows
Armour
 c - a +0 robe (worn)
Comestibles
 a - a bread ration
 h - 2 meat rations
Scrolls
 g - 2 scrolls of blinking {unknown}
 i - a scroll of curse jewellery {unknown}
 k - 3 scrolls of remove curse {unknown}
 l - a scroll of enchant armour {unknown}
 m - a scroll of teleportation {unknown}
Books
 d - a book of Changes

   Spells                             Type                      Level
   *Beastly Appendage                 Transmutation                1
   Sticks to Snakes                   Transmutation                2
   Spider Form                        Transmutation/Poison         3
   Ice Form                           Ice/Transmutation            4
   Blade Hands                        Transmutation                5


   Skills:
 - Level 0.8 Fighting
 - Level 1.7 Dodging
 - Level 2.6 Unarmed Combat
 - Level 1.7 Spellcasting
 + Level 3.3 Transmutations


You had 4 spell levels left.
You knew the following spells:

 Your Spells              Type           Power        Failure   Level  Hunger
a - Beastly Appendage     Trmt           ##....       6%          1    #......


Dungeon Overview and Level Annotations

Branches:
Dungeon (2/27)


Innate Abilities, Weirdness & Mutations

You have a pair of horns on your head.


Message History

The jackal closely misses you. The jackal barely misses you.
The jackal completely misses you. The jackal barely misses you.
The jackal bites you.
* * * LOW HITPOINT WARNING * * *
Drink which item? (? for menu, Esc to quit)
You feel protected.
It was a potion of resistance.
The jackal misses you.
Drink which item? (? for menu, Esc to quit)
You feel yourself slow down.
It was a potion of slowing.
The jackal closely misses you.
Drink which item? (? for menu, Esc to quit)
You feel more agile all of a sudden.
It was a potion of agility.
The jackal misses you. The jackal misses you.
Casting: Beastly Appendage
Confirm with . or Enter, or press ? or * to list all spells.
You grow a pair of large bovine horns.
The jackal misses you. The jackal misses you. The jackal closely misses you.
The jackal misses you. The jackal bites you.
You die...

.......# #.......#
.......# #.......#
.>.....# #%......#
.......# #.......#
.......###.......#
..%.......(......#
..####.###......h#
%.###.....>#####h#
....#......# #@#
....#......# #.#
...........# #.#
....#......# #.#
....#......# #.#
...##....... ..#
...... . ###
#####.


You could see 2 jackals.

Vanquished Creatures
  A worm (D:2)
  2 giant geckos
  An ooze (D:1)
  5 bats
  6 hobgoblins
  A jackal (D:2)
  A giant newt (D:1)
  3 goblins
  2 kobolds (D:1)
  5 rats
27 creatures vanquished.

Notes
Turn   | Place    | Note
--------------------------------------------------------------
     0 | D:1      | Rycklaryybbe, the Demigod Transmuter, began the quest for the Orb.
     0 | D:1      | Reached XP level 1. HP: 16/16 MP: 3/3
   245 | D:1      | Reached XP level 2. HP: 21/23 MP: 4/4
   692 | D:2      | Reached skill level 3 in Transmutations
  1043 | D:2      | Reached XP level 3. HP: 20/28 MP: 7/7
  1064 | D:2      | HP: 1/28 [jackal (3)]
  1069 | D:2      | Slain by a jackal

Action                   || total
-------------------------++-------
Melee: Short sword       ||    95
       Unarmed           ||     2
 Cast: Beastly Appendage ||     5
  Use: Potion            ||     3
